 Dungeon Crawl Stone Soup version 0.28.0-53-g5a82cb258f (webtiles) character file.

Game seed: 16688041665886848746

9 mortz the Conjurer (level 2, 0/15 HPs)
             Began as a Kobold Conjurer on July 21, 2022.
             Slain by a jackal (1 damage)
             ... on level 1 of the Dungeon.
             The game lasted 00:02:02 (566 turns).

mortz the Conjurer (Kobold Conjurer)                 Turns: 566, Time: 00:02:02

Health: 0/15       AC:  2    Str:  4    XL:     2   Next: 25%
Magic:  1/5        EV: 14    Int: 19    God:
Gold:   0          SH:  0    Dex: 13    Spells: 2/5 levels left

rFire   . . .      SeeInvis .   c - +0 club {mace}
rCold   . . .      Faith    .   (no shield)
rNeg    . . .      Spirit   .   a - +0 robe
rPois   .          Reflect  .   (no helmet)
rElec   .          Harm     .   (no cloak)
rCorr   .          Rampage  .   (no gloves)
Will    .....                   (no boots)
Stlth   +++.......              (no amulet)
HPRegen 0.05/turn               (no ring)
MPRegen 0.09/turn               (no ring)

@: no status effects
A: small, no large weapons, nightstalker 3
a: no special abilities


You were on level 1 of the Dungeon.
You visited 1 branch of the dungeon, and saw 1 of its levels.


Innate Abilities, Weirdness & Mutations

You are small and have problems with some larger weapons.
You are completely attuned to the shadows.


   Skills:
 + Level 2.4 Dodging
 + Level 2.7 Stealth
 + Level 2.2 Spellcasting
 + Level 4.4 Conjurations


You had 2 spell levels left.
You knew the following spells:

 Your Spells              Type           Power      Damage    Failure   Level
a - Magic Dart            Conj           72%        1d6       2%          1
b - Searing Ray           Conj           36%        2d5       4%          2

Your spell library contained the following spells:

 Spells                   Type           Power      Damage    Failure   Level
 Dazzling Flash           Conj/Hex       20%        N/A       21%         3
 Fulminant Prism          Conj/Hex       5%         3d7       54%         4
 Iskenderun's Mystic Bla  Conj/Tloc      10%        2d4       54%         4

Inventory:

Hand Weapons
 c - a +0 club (weapon) {mace}
   (You took it off a kobold on level 1 of the Dungeon)
Armour
 a - a +0 robe (worn)
Scrolls
 b - a scroll of teleportation {unknown}

Dungeon Overview and Level Annotations

Branches:
Dungeon (1/15)

Altars:

. .. ..h#######
#hh@..≈≈≈ ####..##
## #..♣♣ >P♣
##..♣♣.♣♣
♣.........♣
♣.♣.≈≈≈.♣.♣
♣..≈≈8≈≈..♣
♣.♣.≈≈≈.♣.♣
#.#♣.........♣#.....


You could see 3 jackals.


Message History

You finish memorising.
Spell assigned to 'b'. 😮 MP[+1]
You open the door.
There is an open door here.
Found a stone staircase leading down. 😎 HP[+5] MP[+4]
Your hp is fully restored (15).
Your mp is fully restored (5).
You open the door.
A jackal comes into view.
The jackal barks!
You hear a bark! x2
The magic dart hits the jackal.
The jackal barely misses you. 😎 MP[-1]
You lost 1 mp, and now have 4/5 mp.
The magic dart hits the jackal but does no damage.
The jackal closely misses you.
A jackal comes into view. 😎 MP[-1]
You lost 1 mp, and now have 3/5 mp.
The magic dart hits the jackal but does no damage.
The jackal bites you.
The jackal bites you but does no damage. 😕 HP[-2] MP[-1]
You take 2 damage, and now have 13/15 hp.
You lost 1 mp, and now have 2/5 mp.
The magic dart hits the jackal but does no damage.
The jackal misses you. 😕 MP[-1]
You lost 1 mp, and now have 1/5 mp.
Casting: Magic Dart (safe; 2% risk of failure)
Confirm with . or Enter, or press ? or * to list all spells.
You don't have enough magic to cast this spell.
The magic dart hits the jackal.
The jackal bites you. 😮 HP[-2] MP[-1]
You take 2 damage, and now have 11/15 hp.
You lost 1 mp, and now have 0/5 mp.
You hit the jackal.
You kill the jackal!
The jackal bites you. 😮 HP[-1]
You take 1 damage, and now have 10/15 hp.
You barely miss the jackal. The jackal completely misses you.
The jackal bites you. 😮 HP[-1]
You take 1 damage, and now have 9/15 hp.
You hit the jackal. The jackal closely misses you.
The jackal bites you but does no damage.
You barely miss the jackal. The jackal closely misses you.
The jackal barely misses you.
You closely miss the jackal. The jackal barely misses you. 😮 MP[+1]
You hit the jackal. The jackal barely misses you. x2
You hit the jackal. The jackal barely misses you.
The jackal bites you. 😮 HP[-1]
You take 1 damage, and now have 8/15 hp.
You are too injured to fight recklessly!
Aiming: Magic Dart (safe; 2% risk of failure)
Press: ? - help, Q - select action, (/) - cycle Shift-Dir - straight line, f - jackal
Aim: a jackal (heavily wounded, 100% to hit)
The magic dart hits the jackal.
A jackal comes into view.
The jackal barely misses you. 😮 MP[-1]
You lost 1 mp, and now have 0/5 mp.
You are too injured to fight recklessly!
You are too injured to fight recklessly!
You are too injured to fight recklessly!
The jackal barks!
You hit the jackal but do no damage.
You hear a bark!
The jackal misses you.
A jackal comes into view.
The jackal misses you.
You barely miss the jackal. You barely miss the jackal.
The jackal completely misses you. The jackal bites you.
You barely miss the jackal. The jackal bites you.
* * * LOW HITPOINT WARNING * * *
The jackal bites you.
* * * LOW HITPOINT WARNING * * *
😨 HP[-2]
You take 2 damage, and now have 6/15 hp.
You closely miss the jackal. The jackal barely misses you.
You miss the jackal. The jackal completely misses you.
The jackal misses you. 😨 MP[+1]
You hit the jackal but do no damage. The jackal misses you.
The jackal bites you.
* * * LOW HITPOINT WARNING * * *
😱 HP[-3]
You take 3 damage, and now have 3/15 hp.
You closely miss the jackal. The jackal misses you.
The jackal closely misses you.
You closely miss the jackal. The jackal barely misses you.
The jackal closely misses you.
You hit the jackal. The jackal bites you.
* * * LOW HITPOINT WARNING * * *
The jackal bites you but does no damage. 😱 HP[-2]
You take 2 damage, and now have 1/15 hp.
You hit the jackal. The jackal misses you. The jackal bites you.
You die...

Action                   || total
-------------------------++-------
Melee: Club              ||    22
       Unarmed           ||     1
 Cast: Magic Dart        ||    20
Armor: Robe              ||     4
Dodge: Dodged            ||    27

Levels and vault maps discovered:
D:1:      tarquinn_simple_flora_water_b, layout_basic,
          hellmonk_ecumenical_altar_leap_of_faith

Notes
Turn   | Place    | Note
-------+----------+-------------------------------------------
     0 | D:1      | mortz the Kobold Conjurer began the quest for the Orb.
     0 | D:1      | Reached XP level 1. HP: 10/10 MP: 3/3
     0 | D:1      | magus.rc [v1.9.6]
   423 | D:1      | Found a faded altar of an unknown god.
   428 | D:1      | Reached XP level 2. HP: 10/15 MP: 0/5
   431 | D:1      | Learned a level 2 spell: Searing Ray
   562 | D:1      | HP: 3/15 [jackal (3)]
   565 | D:1      | HP: 1/15 [jackal (2)]
   566 | D:1      | Slain by a jackal

Vanquished Creatures
  A dart slug (D:1)
  2 endoplasms (D:1)
  A jackal (D:1)
  A kobold (D:1)
  A ball python (D:1)
  A rat (D:1)
7 creatures vanquished.

Table legend:
 A = Non-vault XP
 B = Vault XP
 C = Vault XP percentage of total XP
 D = Non-vault monster count
 E = Vault monster count
 F = Vault count percentage of total count
                 A         B        C        D         E       F
            +---------+---------+-------+---------+---------+-------
      Total |      14 |       0 |   0.0 |       7 |       0 |   0.0
            +---------+---------+-------+---------+---------+-------
        D:1 |      14 |       0 |   0.0 |       7 |       0 |   0.0
            +---------+---------+-------+---------+---------+-------

Illustrated notes

Table legend:
 A = Kills in this place as a percentage of kills in entire the game.
 B = Kills by you in this place as a percentage of kills by you in the entire game.
 C = Kills by friends in this place as a percentage of kills by friends in the entire game.
 D = Other kills in this place as a percentage of other kills in the entire game.
 E = Experience gained in this place as a percentage of experience gained in the entire game.
 F = Experience gained in this place divided by the number of levels of this place that you have seen.
                   A       B       C       D       E      F
               +-------+-------+-------+-------+-------+----------------------
         Total | 100.0 | 100.0 |   N/A |   N/A | 100.0 |  14.0
       Dungeon | 100.0 | 100.0 |   N/A |   N/A | 100.0 |  14.0
               +-------+-------+-------+-------+-------+----------------------

Table legend: (Time is in decaauts)
 A = Elapsed time spent in this place.
 B = Non-inter-level travel time spent in this place.
 C = Inter-level travel time spent in this place.
 D = Time resting spent in this place.
 E = Time spent auto-exploring this place.
 F = Levels seen in this place.
 G = Mean time per level.
                   A        B        C        D        E       F      G
               +--------+--------+--------+--------+--------+-----+--------+
         Total |    571 |    571 |      0 |      0 |    504 |   1 |  571.0 |
       Dungeon |    571 |    571 |      0 |      0 |    504 |   1 |  571.0 |
               +--------+--------+--------+--------+--------+-----+--------+

Top non-repeatable levels by time:
     D:1: 571 daAuts
